 Dungeon Crawl Stone Soup version 0.17-a0-1420-geb41feb (webtiles) character file.

2388 Lektor the Slicer (level 9, -4/61 HPs)
             Began as a Demonspawn Skald on June 24, 2015.
             Was a Priest of Okawaru.
             Slain by an orc warrior
             ... wielding a +0 long sword
              (20 damage)
             ... on level 7 of the Dungeon.
             The game lasted 00:42:32 (7716 turns).

Lektor the Slicer (Demonspawn Skald)                Turns: 7716, Time: 00:42:33

Health: -4/61      AC:  7    Str: 13    XL:     9   Next: 22%
Magic:  12/12      EV:  9    Int: 15    God:    Okawaru [***...]
Gold:   320        SH:  7    Dex: 14    Spells: 2 memorised, 7 levels left

rFire  + . .     SeeInvis .     i - +3 long sword
rCold  + . .     Clarity  .     Q - +1 robe {rC+}
rNeg   . . .     SustAt   .     U - +0 shield
rPois  .         Gourm    .     (helmet restricted)
rElec  .         Spirit   .     (no cloak)
rCorr  .         Warding  .     v - +0 pair of gloves
rMut   +         Stasis   .     (no boots)
MR     .....                    j - amulet of resist mutation
Stlth  ++++......               C - ring of protection from fire
                                u - ring of stealth

@: drained, not resistant to hostile enchantments, stealthy
A: antennae 2, yellow scales 2, nightstalker 1, regeneration 1
a: Heroism, Renounce Religion


You were on level 7 of the Dungeon.
You worshipped Okawaru.
Okawaru was most pleased with you.
You were hungry.

You visited 2 branches of the dungeon, and saw 8 of its levels.
You also visited: Sewer.

You collected 386 gold pieces.
You spent 66 gold pieces at shops.

Inventory:

Hand weapons
 i - a +3 long sword (weapon)
 w - a +0 dagger
 x - a +2 short sword of freezing
 D - a +0 shortbow
Missiles
 h - 166 stones (quivered)
 E - 83 arrows
 F - 34 poisoned needles
 K - 10 tomahawks
Armour
 v - a +0 pair of gloves (worn)
 Q - a +1 robe of cold resistance (worn)
 U - a +0 shield (worn)
Magical staves
 p - an uncursed staff of power
Jewellery
 j - an amulet of resist mutation (around neck)
 u - a ring of stealth (left hand)
 C - a ring of protection from fire (right hand)
 W - an uncursed ring of sustain attributes
Magical devices
 a - a wand of draining (4)
 A - a wand of polymorph (18)
 G - a wand of confusion (17)
 M - a wand of flame (8)
 O - a wand of paralysis (7)
Scrolls
 b - 9 scrolls of teleportation
 g - 4 scrolls of remove curse
 m - a scroll of blinking {unknown}
 n - 4 scrolls of amnesia
 q - 2 scrolls of magic mapping
 r - 2 scrolls of recharging
 H - a scroll of enchant weapon
 I - a scroll of holy word {unknown}
 N - a scroll of vulnerability {unknown}
 Z - a scroll of identify
Potions
 e - 2 potions of mutation {unknown}
 k - 2 potions of curing
 l - 2 potions of might
 o - 4 potions of magic {unknown}
 s - a potion of experience {unknown}
 t - 5 potions of brilliance {unknown}
 S - a potion of berserk rage
 T - a potion of cancellation {unknown}
 V - a potion of resistance {unknown}
 X - a potion of poison {unknown}
 Y - a potion of invisibility {unknown}
Books
 c - a book of Battle

   Spells                             Type                      Level
   a - Infusion                       Charms                       1
   b - Shroud of Golubria             Charms/Translocation         2
   c - Song of Slaying                Charms                       2
   d - Spectral Weapon                Hexes/Charms                 3
   e - Regeneration                   Charms/Necromancy            3
 R - a book of Death

   Spells                             Type                      Level
   a - Corpse Rot                     Necromancy                   2
   b - Sublimation of Blood           Necromancy                   2
   c - Agony                          Necromancy                   5
   d - Dispel Undead                  Necromancy                   5
   e - Excruciating Wounds            Charms/Necromancy            5
   f - Bolt of Draining               Conjuration/Necromancy       5
Comestibles
 d - 3 bread rations
 f - 4 meat rations
 B - 3 slices of pizza
 J - 4 fruits
 L - 2 beef jerkies
 P - 2 chunks of flesh


   Skills:
 - Level 2.0(1.9) Fighting
 - Level 9.8(10.1) Short Blades
 + Level 4.7(7.8) Long Blades
 - Level 0.8(0.7) Armour
 - Level 0.8(0.7) Dodging
 - Level 3.0(2.9) Stealth
 * Level 1.0(0.9) Shields
 - Level 2.0(1.9) Spellcasting
 - Level 2.8(2.7) Charms
 - Level 1.0(0.9) Invocations


You had 7 spell levels left.
You knew the following spells:

 Your Spells              Type           Power        Failure   Level  Hunger
a - Corpse Rot            Necr           N/A          99%         2    ###....
b - Regeneration          Chrm/Necr      #.........   100%        3    ####...


Dungeon Overview and Level Annotations

Branches:
Dungeon (7/15)             Temple (1/1) D:5

Altars:
Ashenzari
Cheibriados
Dithmenos
Elyvilon
Fedhas
Gozag
Kikubaaqudgha
Makhleb
Nemelex Xobeh
Okawaru
Ru
Sif Muna
Trog
Vehumet
Xom
The Shining One

Shops:
D:6 ?%*?[


Innate Abilities, Weirdness & Mutations

You have a pair of antennae on your head.
You are mostly covered in yellow scales (AC +3).
You are slightly more attuned to the shadows.
Your natural rate of healing is unusually fast.


Message History

Your base Shields skill increases to level 1!
The orc hits you but does no damage. The orc warrior completely misses you.
The orc closely misses you.
You hit the orc.
The orc is severely wounded.
The orc warrior hits you with a long sword!
* * * LOW HITPOINT WARNING * * *
The orc hits you but does no damage.
You hit the orc.
You kill the orc!
Okawaru accepts your kill.
The orc warrior hits you but does no damage.
You slash the orc warrior!
The orc warrior is moderately wounded.
The orc warrior hits you with a long sword.
* * * LOW HITPOINT WARNING * * *
You hit the orc warrior but do no damage.
The orc warrior is moderately wounded.
The orc warrior hits you with a long sword!!
You die...

### # ####..... ..# #
........######.##### #
..................# #
......####...###.####
###...................
#>..o)................
#@....<...#.......
#...))#####...#.##.###
###.#.# #...#....<..
...... #...#######.
#.....# ............
#.#.... ..#########.
#.#.... .. #. #. #.


You could see an orc warrior.

Vanquished Creatures
  Sigmund (D:6)
  5 ogres
  A black bear (D:6)
  3 centaurs
  2 giant frogs (Sewer)
  A scorpion (D:4)
  9 wights
  4 crimson imps
  4 orc priests
  3 iguanas
  A hound (D:6)
  2 orc wizards
  4 worker ants
  A hound skeleton (D:5)
  A worker ant zombie (D:7)
  4 river rats (Sewer)
  15 adders
  6 oozes
  An adder skeleton (D:4)
  A worm (D:3)
  6 giant geckos
  21 orcs
  15 ball pythons
  2 bat skeletons (D:4)
  10 hobgoblins
  A jackal (D:1)
  15 kobolds
  8 quokkas
  22 bats
  9 giant cockroaches
  2 giant gecko skeletons
  4 giant newts
  14 goblins
  A jackal skeleton (D:5)
  A jackal zombie (D:7)
  36 rats
236 creatures vanquished.

Notes
Turn   | Place    | Note
--------------------------------------------------------------
     0 | D:1      | Lektor the Demonspawn Skald began the quest for the Orb.
     0 | D:1      | Reached XP level 1. HP: 16/16 MP: 3/3
   280 | D:1      | Gained mutation: You have a pair of small antennae on your head. [demonic ancestry]
   280 | D:1      | Reached XP level 2. HP: 12/22 MP: 5/5
   893 | D:2      | Reached skill level 3 in Long Blades
   897 | D:2      | Gained mutation: You are partially covered in yellow scales (AC +2). [demonic ancestry]
   897 | D:2      | Reached XP level 3. HP: 22/27 MP: 6/6
  1518 | D:2      | Gained mutation: You are slightly more attuned to the shadows. [demonic ancestry]
  1518 | D:2      | Reached XP level 4. HP: 33/33 MP: 7/7
  1624 | D:2      | Reached skill level 4 in Long Blades
  2215 | D:3      | Found an iron altar of Okawaru.
  2222 | D:3      | Became a worshipper of Warmaster Okawaru
  2233 | D:3      | Reached skill level 1 in Stealth
  2543 | D:3      | Reached skill level 1 in Short Blades
  2608 | D:3      | Gained mutation: You are mostly covered in yellow scales (AC +3). [demonic ancestry]
  2608 | D:3      | Reached XP level 5. HP: 35/38 MP: 8/8
  3056 | D:4      | Found a glowing drain.
  3080 | Sewer    | Entered a sewer
  3371 | Sewer    | Gained mutation: Your natural rate of healing is unusually fast. [potion of beneficial mutation]
  3739 | Sewer    | Reached XP level 6. HP: 40/44 MP: 9/9
  3939 | Sewer    | Reached skill level 1 in Invocations
  3966 | Sewer    | Acquired Okawaru's first power
  4205 | D:4      | Found a sparkling altar of Nemelex Xobeh.
  4508 | D:4      | Reached XP level 7. HP: 45/50 MP: 10/10
  4889 | D:5      | Entered Level 5 of the Dungeon
  4918 | D:5      | Reached skill level 5 in Short Blades
  4974 | D:5      | Found a shadowy altar of Dithmenos.
  4978 | D:5      | Found a shattered altar of Ashenzari.
  5377 | D:5      | Found a staircase to the Ecumenical Temple.
  5396 | Temple   | Entered the Ecumenical Temple
  5501 | D:5      | Found a snail-covered altar of Cheibriados.
  5668 | D:5      | Reached skill level 6 in Short Blades
  5810 | D:5      | Reached XP level 8. HP: 40/56 MP: 11/11
  5887 | D:5      | Reached skill level 7 in Short Blades
  6366 | D:6      | Reached skill level 8 in Short Blades
  6577 | D:6      | Found Leteir's Magic Scroll Shoppe.
  6782 | D:6      | Reached skill level 9 in Short Blades
  6857 | D:6      | Noticed Sigmund
  6863 | D:6      | Killed Sigmund
  6981 | D:6      | Found Nesecairch's Magic Scroll Boutique.
  7009 | D:6      | Found Reddiram's Armour Shop.
  7089 | D:6      | Found Xehod's Food Boutique.
  7192 | D:6      | Gained mutation: You have a pair of antennae on your head. [demonic ancestry]
  7192 | D:6      | Reached XP level 9. HP: 27/61 MP: 12/12
  7257 | D:6      | Found Kikhlif's Assorted Antiques.
  7264 | D:6      | Bought an orange potion for 22 gold pieces
  7264 | D:6      | Bought a bubbling pink potion for 22 gold pieces
  7264 | D:6      | Bought a coppery potion for 22 gold pieces
  7507 | D:7      | Learned a level 2 spell: Corpse Rot
  7511 | D:7      | Learned a level 3 spell: Regeneration
  7712 | D:7      | Reached skill level 1 in Shields
  7716 | D:7      | Slain by an orc warrior

Vault maps used:
D:1:      scummos_arrival_star
D:2:      serial_bayou_pond_e, minmay_shallow_snake_nest
D:3:      okawaru_metal_pillars_1_2, first_bread
D:4:      gup_sewer_entry_bubbles, nemelex_dance_club_becter
D:5:      lemuel_crystal_altar, minitemple, minmay_temple_entry_purple_smoke,
          minmay_joined_circles
D:6:      serial_shops, nicolae_shop_window_shopping, shop, kennysheep_mini,
          nicolae_shop_stone, shop, uniq_sigmund
Temple:   temple_eino_lava_12
Sewer:    sewer_minmay_w

Action                   |  1- 3 |  4- 6 |  7- 9 || total
-------------------------+-------+-------+-------++-------
Melee: Falchion          |   116 |    57 |    84 ||   257
       Short sword       |       |   301 |   233 ||   534
       Dagger            |       |       |    24 ||    24
       Long sword        |       |       |    38 ||    38
 Fire: Shortbow          |       |       |     2 ||     2
Throw: Stone             |       |     4 |     1 ||     5
 Cast: Infusion          |     1 |       |       ||     1
Invok: Heroism           |       |       |     4 ||     4
Evoke: Wand              |       |       |    13 ||    13
  Use: Scroll            |     2 |     7 |     4 ||    13
       Potion            |       |     6 |     3 ||     9
 Stab: Sleeping          |     1 |    21 |    15 ||    37
       Confused          |       |       |     3 ||     3
       Distracted        |       |       |     1 ||     1
  Eat: Chunk             |     2 |    10 |     9 ||    21
       Fruit             |       |     1 |       ||     1
       Beef jerky        |       |       |     1 ||     1
